 Dungeon Crawl Stone Soup version 0.30-a0-632-g346586fe48 (webtiles) character file.

Game seed: 1099879825685404397

620 wormed the Stinger (level 7, -1/51 HPs)
             Began as a Gnoll Venom Mage on Jan 13, 2023.
             Slain by an ufetubus (5 damage)
             ... on level 5 of the Dungeon.
             The game lasted 00:05:41 (4510 turns).

wormed the Stinger (Gnoll Venom Mage)               Turns: 4510, Time: 00:05:41

Health: -1/51      AC: -3    Str: 10    XL:     7   Next: 46%
Magic:  15/15      EV: 14    Int: 14    God:
Gold:   258        SH:  0    Dex: 16    Spells: 7/17 levels left

rFire   + . .      SeeInvis .    o - +4 war axe of Narrow Cruel Justice {flame, rPois rC++ Dex+4}
rCold   + . .      Faith    .    (no shield)
rNeg    . . .      Spirit   .    a - +0 robe
rPois   +          Reflect  .    s - +1 helmet
rElec   .          Harm     .    (no cloak)
rCorr   .          Rampage  .    (no gloves)
Will    .....                    (no boots)
Stlth   +++                      (no amulet)
HPRegen 0.28/turn                p - ring of fire
MPRegen 0.14/turn                (no ring)

@: corroded
A: fangs 1, strong nose, distributed training
a: no special abilities


You were on level 5 of the Dungeon.
You visited 1 branch of the dungeon, and saw 5 of its levels.

You collected 258 gold pieces.

Inventory:

Hand Weapons
 c - a +0 short sword
 o - the +4 war axe of Narrow Cruel Justice (weapon) {flame, rPois rC++ Dex+4}
   (You found it on level 3 of the Dungeon)

   Dex:       It affects your dexterity (+4).
   rC:        It greatly protects you from cold.
   rPois:     It protects you from poison.
Armour
 a - a +0 robe (worn)
 s - a +1 helmet (worn)
Jewellery
 d - an amulet of faith
 p - a ring of fire (left hand)
Scrolls
 l - a scroll of fog
 n - 2 scrolls of amnesia
Potions
 b - a potion of magic
 e - 2 potions of attraction
 g - a potion of haste
 h - a potion of curing
 i - a potion of berserk rage {unknown}
 j - a potion of flight {unknown}
 k - 2 potions of ambrosia {unknown}
 m - 2 potions of brilliance {unknown}
 q - a potion of degeneration {unknown}


   Skills:
 + Level 2.6 Fighting
 + Level 2.6 Short Blades
 + Level 2.6 Long Blades
 + Level 2.6 Axes
 + Level 2.6 Maces & Flails
 + Level 2.6 Polearms
 + Level 2.6 Staves
 + Level 2.6 Ranged Weapons
 + Level 2.6 Throwing
 + Level 2.6 Armour
 + Level 5.3 Dodging
 + Level 5.0 Stealth
 + Level 2.6 Shields
 + Level 2.6 Unarmed Combat
 + Level 5.7 Spellcasting
 + Level 2.1 Conjurations
 + Level 2.1 Hexes
 + Level 2.1 Summonings
 + Level 2.1 Necromancy
 + Level 2.1 Translocations
 + Level 3.0 Transmutations
 + Level 2.1 Fire Magic
 + Level 2.1 Ice Magic
 + Level 2.1 Air Magic
 + Level 2.1 Earth Magic
 + Level 5.9 Poison Magic
 + Level 2.9 Invocations
 + Level 2.6 Evocations


You had 7 spell levels left.
You knew the following spells:

 Your Spells              Type           Power      Damage    Failure   Level
a - Sting                 Tmut/Pois      64%        1d6       2%          1
b - Poisonous Vapours     Pois/Air       30%        N/A       4%          2
c - Olgreb's Toxic Radia  Pois           20%        N/A       14%         4
d - Mephitic Cloud        Conj/Pois/Air  13%        N/A       12%         3

Your spell library contained the following spells:

 Spells                   Type           Power      Damage    Failure   Level
 Freeze                   Ice            40%        1d6       7%          1
 Frozen Ramparts          Ice            20%        1d4       21%         3
 Hailstorm                Conj/Ice       10%        3d5       21%         3
 Alistair's Intoxication  Tmut/Pois      10%        N/A       56%         5
 Borgnjor's Vile Clutch   Necr/Erth      5%         N/A       88%         5
 Eringya's Noxious Bog    Tmut/Pois      8%         N/A       98%         6


Dungeon Overview and Level Annotations

Branches:
Dungeon (5/15)
 Temple: D:4-7

Altars:

Shops:
D:3 (((*:


Innate Abilities, Weirdness & Mutations

You have very sharp teeth.
Your uncanny sense of smell can sniff out nearby items.
Your experience applies equally to all skills.


Message History

You hit the ufetubus. You burn the ufetubus.
You bite the ufetubus, but do no damage.
The ufetubus is heavily wounded.
The ufetubus misses you. x2; The ufetubus barely misses you.
The ufetubus completely misses you.
You closely miss the ufetubus.
The ufetubus is heavily wounded.
The ufetubus hits you. The ufetubus closely misses you.
The ufetubus misses you. The ufetubus barely misses you.
The ufetubus completely misses you. The ufetubus misses you.
You barely miss the ufetubus.
The ufetubus is heavily wounded.
The ufetubus closely misses you. The ufetubus completely misses you.
The ufetubus barely misses you. The ufetubus closely misses you.
You closely miss the ufetubus.
The ufetubus is heavily wounded.
The ufetubus closely misses you. The ufetubus completely misses you.
The ufetubus closely misses you. The ufetubus misses you.
You barely miss the ufetubus. Your punch misses the ufetubus.
Your bite misses the ufetubus.
The ufetubus is heavily wounded.
The ufetubus completely misses you. The ufetubus closely misses you.
The ufetubus hits you.
* * * LOW HITPOINT WARNING * * *
The ufetubus hits you.
* * * LOW HITPOINT WARNING * * *
You closely miss the ufetubus.
The ufetubus is heavily wounded.
The ufetubus hits you.
* * * LOW HITPOINT WARNING * * *
The ufetubus hits you.
* * * LOW HITPOINT WARNING * * *
The ufetubus closely misses you. The ufetubus barely misses you.
You miss the ufetubus.
You bite the ufetubus, but do no damage.
The ufetubus is heavily wounded.
The ufetubus hits you.
* * * LOW HITPOINT WARNING * * *
The ufetubus hits you.
You die...

....... .......
....... ### .......
#.. ....... # #.#
.......
#.##.##.......
#....@5..#
####.###.# #######
#.# .. ......#
#####.## ...
..)...#####......#
∆ $..
).#...........#..#
#.
######.....######.#
..#..#.....# ...
..#..#.###.# #..#


You could see an ufetubus.

Vanquished Creatures
  An ogre (D:5)
  2 phantoms (D:4)
  A scorpion (D:4)
  A jelly (D:5)
  An orc priest (D:5)
  A hound (D:5)
  2 iguanas (D:4)
  3 orc wizards
  4 adders
  2 dart slugs
  6 orcs
  3 endoplasms
  3 giant cockroaches
  7 goblins
  6 hobgoblins
  3 jackals (D:2)
  3 kobolds
  4 quokkas
  5 ball pythons
  5 bats
  2 frilled lizards
  4 rats
69 creatures vanquished.

Notes
Turn   | Place    | Note
-------+----------+-------------------------------------------
     0 | D:1      | wormed the Gnoll Venom Mage began the quest for the Orb.
     0 | D:1      | Reached XP level 1. HP: 13/13 MP: 6/6
   123 | D:1      | Reached XP level 2. HP: 10/19 MP: 4/7
   221 | D:1      | You fall into a shaft and drop 1 floor!
   262 | D:2      | Identified the +5 mace of Rinyhy {spect, rF+}
   449 | D:2      | Reached skill level 5 in Spellcasting
   449 | D:2      | Reached XP level 3. HP: 4/25 MP: 3/9
   696 | D:2      | Reached skill level 1 in Invocations
   927 | D:2      | Reached skill level 1 in Fighting
   927 | D:2      | Reached skill level 1 in Short Blades
   927 | D:2      | Reached skill level 1 in Long Blades
   927 | D:2      | Reached skill level 1 in Axes
   927 | D:2      | Reached skill level 1 in Maces & Flails
   927 | D:2      | Reached skill level 1 in Polearms
   927 | D:2      | Reached skill level 1 in Staves
   927 | D:2      | Reached skill level 1 in Ranged Weapons
   927 | D:2      | Reached skill level 1 in Throwing
   927 | D:2      | Reached skill level 1 in Armour
   927 | D:2      | Reached skill level 1 in Shields
   927 | D:2      | Reached skill level 1 in Unarmed Combat
   927 | D:2      | Reached skill level 1 in Evocations
  1153 | D:2      | Reached XP level 4. HP: 26/32 MP: 9/11
  1477 | D:2      | Learned a level 2 spell: Poisonous Vapours
  1482 | D:2      | Learned a level 4 spell: Olgreb's Toxic Radiance
  1486 | D:2      | Learned a level 3 spell: Mephitic Cloud
  1533 | D:3      | Found Basur's Weapon Shoppe.
  1535 | D:3      | Identified the +4 war axe of Narrow Cruel Justice {flame,
                  | rPois rC++ Dex+4}
  1636 | D:3      | Found Qownario's Antique Weapon Shoppe.
  1771 | D:3      | Found Datsaifixa's Antique Weapon Shop.
  1982 | D:3      | Found Diskeod's General Store.
  2478 | D:3      | Found Jehuahob's Book Shoppe.
  2532 | D:3      | Reached skill level 1 in Conjurations
  2532 | D:3      | Reached skill level 1 in Hexes
  2532 | D:3      | Reached skill level 1 in Summonings
  2532 | D:3      | Reached skill level 1 in Necromancy
  2532 | D:3      | Reached skill level 1 in Translocations
  2532 | D:3      | Reached skill level 1 in Fire Magic
  2532 | D:3      | Reached skill level 1 in Ice Magic
  2532 | D:3      | Reached skill level 1 in Air Magic
  2532 | D:3      | Reached skill level 1 in Earth Magic
  2841 | D:4      | Noticed a phantom
  2847 | D:4      | Killed a phantom
  2848 | D:4      | Reached XP level 5. HP: 22/37 MP: 12/12
  2962 | D:4      | Reached XP level 6. HP: 44/44 MP: 14/14
  2972 | D:4      | Reached skill level 5 in Dodging
  4238 | D:5      | Entered Level 5 of the Dungeon
  4274 | D:5      | Reached XP level 7. HP: 39/51 MP: 11/15
  4503 | D:5      | Reached skill level 5 in Stealth
  4510 | D:5      | Slain by an ufetubus

Illustrated notes

Levels and vault maps discovered:
D:1:      dpeg_arrival_stone_temple_mockup, layout_rooms
D:2:      minmay_recursive_quarters, layout_basic, minmay_misc_feat_nine_boxes
D:3:      layout_basic, serial_shops, nicolae_shop_stone, shop, shop, shop,
          nicolae_shop_bloodbath_and_beyond
D:4:      layout_loops_corners
D:5:      layout_loops_cross, hangedman_ru_absence, minmay_liquid_box,
          nicolae_elevator_lobby_plus

Skill      XL: |  1  2  3  4  5  6  7 |
---------------+----------------------+-----
Transmutations | 2 3 |  3.0
Spellcasting   | 5 |  5.7
Invocations    | 1 2 |  2.9
Fighting       | 1 2 |  2.6
Short Blades   | 1 2 |  2.6
Long Blades    | 1 2 |  2.6
Axes           | 1 2 |  2.6
Maces & Flails | 1 2 |  2.6
Polearms       | 1 2 |  2.6
Staves         | 1 2 |  2.6
Ranged Weapons | 1 2 |  2.6
Throwing       | 1 2 |  2.6
Armour         | 1 2 |  2.6
Shields        | 1 2 |  2.6
Unarmed Combat | 1 2 |  2.6
Evocations     | 1 2 |  2.6
Conjurations   | 1 2 |  2.1
Hexes          | 1 2 |  2.1
Summonings     | 1 2 |  2.1
Necromancy     | 1 2 |  2.1
Translocations | 1 2 |  2.1
Fire Magic     | 1 2 |  2.1
Ice Magic      | 1 2 |  2.1
Air Magic      | 1 2 |  2.1
Earth Magic    | 1 2 |  2.1
Dodging        | 5 |  5.3
Stealth        | 5 |  5.0
Poison Magic   | |  5.9

Action                   |  1- 3 |  4- 6 |  7- 9 || total
-------------------------+-------+-------+-------++-------
Melee: Short sword       |    59 |    26 |       ||    85
       Unarmed           |     2 |       |       ||     2
       Bite              |     4 |     4 |     2 ||    10
       War axe           |       |    37 |    17 ||    54
       Punch             |       |       |     1 ||     1
 Cast: Sting             |    41 |     7 |       ||    48
       Poisonous Vapours |       |    22 |     6 ||    28
       Olgreb's Toxic Ra |       |     1 |     1 ||     2
  Use: Scroll            |       |     6 |       ||     6
 Stab: Sleeping          |     3 |     7 |       ||    10
Armor: Robe              |    23 |     5 |     3 ||    31
Dodge: Dodged            |    84 |    38 |    32 ||   154

Table legend: (Time is in decaauts)
 A = Elapsed time spent in this place.
 B = Non-inter-level travel time spent in this place.
 C = Inter-level travel time spent in this place.
 D = Time resting spent in this place.
 E = Time spent auto-exploring this place.
 F = Levels seen in this place.
 G = Mean time per level.
                   A        B        C        D        E       F      G
               +--------+--------+--------+--------+--------+-----+--------+
         Total |   4525 |   4384 |    141 |    100 |   3701 |   5 |  905.0 |
       Dungeon |   4525 |   4384 |    141 |    100 |   3701 |   5 |  905.0 |
               +--------+--------+--------+--------+--------+-----+--------+

Top non-repeatable levels by time:
     D:4: 1431 daAuts
     D:3: 1307 daAuts
     D:2: 1286 daAuts
     D:5: 279 daAuts
     D:1: 220 daAuts
